 Dungeon Crawl Stone Soup version 0.27.1-1-g398f81649c (webtiles) character file.

Game seed: 9427598125857340195

16541 Renzlar the Blocker (level 12, 0/145 HPs)
             Began as a Gnoll Fighter on Sept 17, 2021.
             Was a High Priest of Okawaru.
             Slain by a cane toad (26 damage)
             ... on level 2 of the Lair of Beasts on Sept 21, 2021.
             The game lasted 00:55:00 (14838 turns).

Renzlar the Blocker (Gnoll Fighter)                Turns: 14838, Time: 00:55:01

Health: 0/145      AC: 33    Str: 23    XL:     12   Next: 38%
Magic:  25/31      EV:  2    Int:  7    God:    Okawaru [*****.]
Gold:   636        SH: 15    Dex: 11    Spells: 25/25 levels left

rFire    + . .     SeeInvis .   a - +1 war axe (protect)
rCold    + . .     Faith    .   k - +1 kite shield
rNeg     + + +     Spirit   .   (armour currently unavailable)
rPois    +         Reflect  .   (helmet currently unavailable)
rElec    +         Harm     .   (cloak currently unavailable)
rCorr    .         Rampage  .   (gloves currently unavailable)
Will     +....     NoTele   +   (boots currently unavailable)
Stlth    +++++.....             (no amulet)
HPRegen  0.34/turn              s - ring of Kikubaaqudgha's Envy {rF+ rC+ Slay+2}
MPRegen  0.22/turn              h - ring of Osmet {rElec Will+ MP+9 Str+4 Int-3}

@: mighty, tree-form, heroic, finesse-ful, under a protective aura
A: stationary, stasis, torment immunity, boosted hp, (fangs 1), strong nose,
distributed training
a: Renounce Religion, Heroism, Finesse


You were on level 2 of the Lair of Beasts.
You worshipped Okawaru.
Okawaru was extremely pleased with you.
You were a tree.
You visited 3 branches of the dungeon, and saw 12 of its levels.
You also visited: Sewer.

You collected 636 gold pieces.

Inventory:

Hand Weapons
 a - a +1 war axe of protection (weapon)
 b - a +2 scimitar of flaming
 c - a +0 hunting sling
 t - a +0 dagger of electrocution
 w - a +6 trident
Missiles
 e - a throwing net
 f - 226 stones
 l - 147 sling bullets
 o - 4 javelins
 y - 38 bolts
 B - 4 curare-tipped darts
 D - 17 poisoned darts (quivered)
Armour
 d - a +0 cloak (melded)
 k - a +1 kite shield (worn)
 n - a +0 pair of boots (melded)
 r - a +0 chain mail (melded)
 K - a +1 hat of willpower (melded)
Jewellery
 h - the ring of Osmet (right branch) {rElec Will+ MP+9 Str+4 Int-3}
   (You acquired it in a sewer)

   [ring of magical power]

   Str:       It affects your strength (+4).
   Int:       It affects your intelligence (-3).
   rElec:     It insulates you from electricity.
   MP:        It affects your magic capacity (+9).
   Will:      It increases your willpower.
 s - the ring of Kikubaaqudgha's Envy (left branch) {rF+ rC+ Slay+2}
   (You found it on level 4 of the Dungeon)

   [ring of protection from cold]

   Slay:      It affects your accuracy & damage with ranged weapons and melee
   (+2).
   rF:        It protects you from fire.
   rC:        It protects you from cold.
 C - the ring of the Final Invaders {rCorr Int+4}
   (You acquired it on level 2 of the Lair of Beasts)

   [ring of resist corrosion]

   Int:       It affects your intelligence (+4).
   rCorr:     It protects you from acid and corrosion.
Wands
 g - a wand of mindburst (14)
 j - a wand of flame (37)
 v - a wand of paralysis (5)
 A - a wand of polymorph (8)
 J - a wand of iceblast (9)
Scrolls
 E - a scroll of silence
Potions
 i - 2 potions of curing
 m - a potion of invisibility
 p - 3 potions of heal wounds
 q - a potion of haste
 u - a potion of might
 x - 3 potions of flight
 z - a potion of lignification
 F - 2 potions of cancellation
 H - a potion of mutation


   Skills:
 + Level 9.8(14.8) Fighting
 + Level 7.2(12.2) Short Blades
 + Level 7.2(12.2) Long Blades
 + Level 8.6(13.6) Axes
 + Level 7.2(12.2) Maces & Flails
 + Level 7.2(12.2) Polearms
 + Level 7.2(12.2) Staves
 + Level 7.2(12.2) Slings
 + Level 7.2(12.2) Bows
 + Level 7.2(12.2) Crossbows
 + Level 7.2(12.2) Throwing
 + Level 9.8(14.8) Armour
 + Level 7.2(12.2) Dodging
 + Level 7.2(12.2) Stealth
 + Level 9.8(14.8) Shields
 + Level 7.2(12.2) Unarmed Combat
 + Level 7.2 Spellcasting
 + Level 6.0 Conjurations
 + Level 6.0 Hexes
 + Level 6.0 Summonings
 + Level 6.0 Necromancy
 + Level 6.0 Translocations
 + Level 6.0 Transmutations
 + Level 6.0 Fire Magic
 + Level 6.0 Ice Magic
 + Level 6.0 Air Magic
 + Level 6.0 Earth Magic
 + Level 6.0 Poison Magic
 + Level 7.9 Invocations
 + Level 7.2 Evocations


You had 25 spell levels left.
You didn't know any spells.
Your spell library contained the following spells:

 Spells                   Type           Power      Damage    Failure   Level
 Animate Skeleton         Necr           20%        N/A       1%          1
 Foxfire                  Conj/Fire      40%        2x1d6     1%          1
 Freeze                   Ice            40%        1d6       1%          1
 Pain                     Necr           40%        1d6       1%          1
 Conjure Flame            Conj/Fire      10%        6-21      5%          3
 Frozen Ramparts          Ice            20%        1d4       5%          3
 Inner Flame              Hex/Fire       10%        N/A       5%          3
 Vampiric Draining        Necr           5%         2d6       5%          3
 Hailstorm                Conj/Ice       10%        3d5       19%         4


Dungeon Overview and Level Annotations

Branches:
Dungeon (9/15)             Temple (1/1) D:7            Lair (2/6) D:9
  Sewer (visited)
  Swamp: Lair:2-4    Shoals: Lair:2-4     Snake: Lair:2-4    Spider: Lair:2-4
    Orc: D:9-12

Altars:
Ashenzari
Cheibriados
Dithmenos
Elyvilon
Gozag
Hepliaklqana
Kikubaaqudgha
Makhleb
Nemelex Xobeh
Okawaru
Qazlal
Ru
Sif Muna
Trog
Uskayaw
Vehumet
Wu Jian
Xom
Yredelemnul
Zin
The Shining One

Shops:
D:8 !

Annotations:
Lair:2 nxtlvl's ghost, novice MiTm


Innate Abilities, Weirdness & Mutations

You are a tree.
Your roots penetrate the ground, keeping you stationary.
You cannot be teleported.
You are immune to unholy pain and torment.
Your maximum health is greatly increased.
Your equipment is partially melded.
((You have very sharp teeth.))
Your uncanny sense of smell can sniff out nearby items.
Your experience applies equally to all skills.


Message History

You feel very sick. You block the wolf's attack.
You block the dream sheep's attack. The cane toad stings you!
* * * LOW HITPOINT WARNING * * *
The water moccasin bites you!
* * * LOW HITPOINT WARNING * * *
You block the wolf's attack. The dream sheep barely misses you.
The moth of wrath goads the wolf on!
The wolf goes berserk!
The water moccasin bites you but does no damage.
The cane toad stings you!
* * * LOW HITPOINT WARNING * * *
Unknown command.
You slice the wolf!!
Your weapon exudes an aura of protection.
The wolf is heavily wounded.
You barely miss the water moccasin. You slash the dream sheep!
You barely miss the cane toad.
You feel sick. You block the wolf's attack.
You block the water moccasin's attack.
Unknown command.
Unknown command.
You feel better. The wolf bites you but does no damage.
You block the cane toad's attack. You block the dream sheep's attack.
The water moccasin barely misses you. The wolf barely misses you.
The cane toad stings you but does no damage.
The dream sheep bites you.
* * * LOW HITPOINT WARNING * * *
The water moccasin bites you but does no damage.
You slash the water moccasin!
The water moccasin is lightly wounded.
You hit the dream sheep. You slash the cane toad! You slash the wolf!
You block the wolf's attack. You block the cane toad's attack.
You block the dream sheep's attack.
Unknown command.
You slash the water moccasin!
The water moccasin is heavily wounded.
You completely miss the wolf. You closely miss the cane toad.
You slash the dream sheep! You block the wolf's attack.
The water moccasin bites you but does no damage.
The cane toad stings you!!
You die...

# .. ## ### ## ## #.. ..
#. ..# ∆ ...#. .#...##
#..#F.....# #... #
#..♣hy##. .... #
#.#...YS#.....#..... ..
$...###W..##.##...# ...
#.. .$|:$... ....#
....## #####. #....#.
......####.©.####......≈
...............†(......#
.......<^......†.(......
.#.###P......#.#.#......


You could see a moth of wrath, a cane toad (berserk), a water moccasin
(berserk), a wolf (berserk), a dream sheep (berserk) and nxtlvl's ghost.

Vanquished Creatures
  Gastronok (D:8)
  A hydra (Lair:1)
  A centaur warrior (D:8)
  Pikel (D:3)
  An ugly thing (D:8)
  A cyclops (D:6)
  Joseph (D:7)
  An efreet (D:8)
  A rime drake (Lair:1)
  5 komodo dragons (Lair:1)
  2 trolls
  A hornet (D:9)
  10 blink frogs (Lair:1)
  Grinder (D:6)
  Prince Ribbit (D:6)
  A slime creature (D:8)
  11 yaks
  Grum (D:7)
  Edmund (D:6)
  7 water moccasins
  A hornet zombie (D:8)
  4 orc warriors
  2 sky beasts
  2 black bears (Lair:1)
  2 ogres
  9 wolves
  2 centaurs
  A lemure (D:3)
  A kobold brigand (D:8)
  5 bullfrogs
  A scorpion (D:4)
  2 wyvern skeletons
  10 killer bees (D:7)
  5 wights
  6 howler monkeys
  6 electric eels (D:9)
  3 jellies
  A centaur zombie (D:6)
  9 hounds
  A centaur skeleton (D:7)
  3 orc priests
  A gnoll shaman (D:5)
  5 iguanas
  9 orc wizards
  2 hound skeletons (D:5)
  7 adders
  10 gnolls
  A white imp (D:5)
  3 ufetubi
  2 worms (D:3)
  5 dart slugs
  24 orcs
  12 ball pythons
  5 endoplasms
  13 giant cockroaches
  5 goblins
  6 hobgoblins
  15 jackals
  8 kobolds
  9 quokkas
  6 bats
  7 frilled lizards
  7 rats
288 creatures vanquished.

Vanquished Creatures (others)
  An orc (D:9)
  A fungus (Lair:1)
  2 plants (Lair:1)
4 creatures vanquished.

Grand Total: 292 creatures vanquished

Notes
Turn   | Place    | Note
-------+----------+-------------------------------------------
     0 | D:1      | Renzlar the Gnoll Fighter began the quest for the Orb.
     0 | D:1      | Reached XP level 1. HP: 23/23 MP: 1/1
   197 | D:1      | Reached XP level 2. HP: 29/29 MP: 2/2
   370 | D:1      | Reached XP level 3. HP: 35/35 MP: 3/3
   642 | D:1      | Reached skill level 1 in Invocations
   933 | D:2      | Reached skill level 1 in Short Blades
   933 | D:2      | Reached skill level 1 in Long Blades
   933 | D:2      | Reached skill level 1 in Maces & Flails
   933 | D:2      | Reached skill level 1 in Polearms
   933 | D:2      | Reached skill level 1 in Staves
   933 | D:2      | Reached skill level 1 in Slings
   933 | D:2      | Reached skill level 1 in Bows
   933 | D:2      | Reached skill level 1 in Crossbows
   933 | D:2      | Reached skill level 1 in Throwing
   933 | D:2      | Reached skill level 1 in Dodging
   933 | D:2      | Reached skill level 1 in Stealth
   933 | D:2      | Reached skill level 1 in Unarmed Combat
   933 | D:2      | Reached skill level 1 in Spellcasting
   933 | D:2      | Reached skill level 1 in Evocations
   955 | D:2      | Reached XP level 4. HP: 41/41 MP: 5/5
  1148 | D:2      | You fall into a shaft and drop 1 floor!
  1148 | D:3      | Found a glowing drain.
  1163 | Sewer    | Entered a sewer
  1249 | Sewer    | Reached skill level 1 in Conjurations
  1249 | Sewer    | Reached skill level 1 in Hexes
  1249 | Sewer    | Reached skill level 1 in Summonings
  1249 | Sewer    | Reached skill level 1 in Necromancy
  1249 | Sewer    | Reached skill level 1 in Translocations
  1249 | Sewer    | Reached skill level 1 in Transmutations
  1249 | Sewer    | Reached skill level 1 in Fire Magic
  1249 | Sewer    | Reached skill level 1 in Ice Magic
  1249 | Sewer    | Reached skill level 1 in Air Magic
  1249 | Sewer    | Reached skill level 1 in Earth Magic
  1249 | Sewer    | Reached skill level 1 in Poison Magic
  1373 | Sewer    | Noticed a bullfrog
  1383 | Sewer    | Killed a bullfrog
  1384 | Sewer    | Reached XP level 5. HP: 34/47 MP: 5/7
  1415 | Sewer    | Reached XP level 6. HP: 30/53 MP: 8/8
  1423 | Sewer    | Identified a scroll of acquirement
  1423 | Sewer    | Acquired the ring of Osmet {rElec Will+ MP+9 Str+4 Int-3}
  1817 | D:3      | Found an ornate altar of the Wu Jian Council.
  1851 | D:3      | Reached skill level 5 in Axes
  2001 | D:3      | Found a radiant altar of Vehumet.
  2993 | D:4      | Noticed an orc warrior
  3007 | D:3      | Killed an orc warrior
  3158 | D:4      | Reached XP level 7. HP: 56/59 MP: 10/10
  3500 | D:4      | Noticed Pikel
  3617 | D:3      | Killed Pikel
  3618 | D:3      | Reached XP level 8. HP: 14/67 MP: 12/12
  3890 | D:4      | Identified the ring of Kikubaaqudgha's Envy {rF+ rC+
                  | Slay+2}
  4214 | D:5      | Entered Level 5 of the Dungeon
  4436 | D:5      | Found a hide-covered altar of Uskayaw.
  4519 | D:5      | Found a snail-covered altar of Cheibriados.
  4522 | D:5      | Found a glowing silver altar of Zin.
  4648 | D:5      | Found a glowing golden altar of the Shining One.
  5842 | D:6      | Reached XP level 9. HP: 62/72 MP: 14/14
  5921 | D:6      | Noticed Edmund
  5941 | D:6      | Killed Edmund
  6084 | D:6      | Noticed Prince Ribbit
  6422 | D:6      | Noticed a cyclops
  6439 | D:6      | Killed a cyclops
  6546 | D:6      | Killed Prince Ribbit
  6697 | D:6      | Noticed Grinder
  6711 | D:6      | Killed Grinder
  6712 | D:6      | Reached skill level 5 in Invocations
  7006 | D:7      | Found a staircase to the Ecumenical Temple.
  7015 | Temple   | Entered the Ecumenical Temple
  7070 | Temple   | Became a worshipper of Warmaster Okawaru
  7290 | D:7      | Noticed Joseph
  7310 | D:7      | Killed Joseph
  7311 | D:7      | Reached XP level 10. HP: 57/80 MP: 17/17
  7424 | D:7      | Found an ancient bone altar of Kikubaaqudgha.
  7533 | D:7      | Reached skill level 5 in Short Blades
  7533 | D:7      | Reached skill level 5 in Long Blades
  7533 | D:7      | Reached skill level 5 in Maces & Flails
  7533 | D:7      | Reached skill level 5 in Polearms
  7533 | D:7      | Reached skill level 5 in Staves
  7533 | D:7      | Reached skill level 5 in Slings
  7533 | D:7      | Reached skill level 5 in Bows
  7533 | D:7      | Reached skill level 5 in Crossbows
  7533 | D:7      | Reached skill level 5 in Throwing
  7533 | D:7      | Reached skill level 5 in Dodging
  7533 | D:7      | Reached skill level 5 in Stealth
  7533 | D:7      | Reached skill level 5 in Unarmed Combat
  7533 | D:7      | Reached skill level 5 in Spellcasting
  7533 | D:7      | Reached skill level 5 in Evocations
  7558 | D:7      | Reached * piety under Okawaru
  8346 | D:8      | Noticed Grum
  8348 | D:8      | Noticed Gastronok
  8673 | D:7      | Killed Grum
  8875 | D:7      | Reached ** piety under Okawaru
  9181 | D:8      | Killed Gastronok
  9181 | D:8      | Reached *** piety under Okawaru
  9182 | D:8      | Reached XP level 11. HP: 71/87 MP: 19/19
  9288 | D:8      | Found Qeyjoa Imay's Distillery.
  9409 | D:8      | Reached **** piety under Okawaru
  9410 | D:8      | Reached skill level 5 in Conjurations
  9410 | D:8      | Reached skill level 5 in Hexes
  9410 | D:8      | Reached skill level 5 in Summonings
  9410 | D:8      | Reached skill level 5 in Necromancy
  9410 | D:8      | Reached skill level 5 in Translocations
  9410 | D:8      | Reached skill level 5 in Transmutations
  9410 | D:8      | Reached skill level 5 in Fire Magic
  9410 | D:8      | Reached skill level 5 in Ice Magic
  9410 | D:8      | Reached skill level 5 in Air Magic
  9410 | D:8      | Reached skill level 5 in Earth Magic
  9410 | D:8      | Reached skill level 5 in Poison Magic
  9865 | D:8      | Noticed a centaur warrior
  9878 | D:8      | Killed a centaur warrior
  9889 | D:8      | Noticed a cyan ugly thing
 10283 | D:8      | Killed a cyan ugly thing
 10504 | D:9      | Received a gift from Okawaru
 10946 | D:9      | Paralysed by a hornet for 3 turns
 11637 | D:9      | Found a staircase to the Lair.
 12350 | Lair:1   | Entered Level 1 of the Lair of Beasts
 12350 | Lair:1   | Noticed a seven-headed hydra
 12361 | Lair:1   | Killed a three-headed hydra
 12737 | Lair:1   | Reached ***** piety under Okawaru
 13089 | Lair:1   | Reached XP level 12. HP: 23/96 MP: 22/22
 13505 | Lair:1   | Received a gift from Okawaru
 14348 | Lair:1   | Received a gift from Okawaru
 14740 | Lair:2   | Found a transporter.
 14742 | Lair:2   | Noticed nxtlvl's ghost (novice MiTm)
 14767 | Lair:2   | Acquired the ring of the Final Invaders {rCorr Int+4}
 14838 | Lair:2   | Slain by a cane toad

Illustrated notes

Levels and vault maps discovered:
D:1:      lightli_arrival_isolated_outpost, layout_loops_ring
D:2:      layout_basic, serial_aquarium, aquarium_bridge_long_separate
          [aquarium_subvault_window, aquarium_subvault_bridge,
          aquarium_subvault_window, aquarium_subvault_bridge,
          aquarium_subvault_bridge, aquarium_subvault_wall], aquarium_window_1,
          aquarium_window_2, aquarium_view_2g, aquarium_pool_side
D:3:      layout_loops_ring, nicolae_wu_jian_wuxing_cycle,
          general_overflow_altar, cheibrodos_sewer_entry_drain,
          minmay_liquid_box
D:4:      layout_cave_pools, uniq_pikel
D:5:      layout_basic, nicolae_overflow_quartered_altars
D:6:      layout_basic, uniq_grinder, uniq_prince_ribbit1, uniq_edmund
D:7:      cheibrodos_quashed, layout_loops_ring, mainiacjoe_overflow_24_doors,
          minmay_temple_entry_butterflies, uniq_joseph
D:8:      minmay_blocky_corners, layout_rooms, serial_shops, shop_statue,
          uniq_gastronok, uniq_grum
D:9:      layout_loops_cross, erik_lair_island, serial_rivers,
          chequers_serial_rivers_marsh, chequers_serial_rivers_small_3,
          chequers_serial_rivers_micro_c, chequers_serial_rivers_marsh,
          chequers_serial_rivers_small_3, chequers_serial_rivers_room_b
Temple:   jpeg_temple_clearing
Lair:1:   layout_chaotic_city, chequers_serial_rivers_large_b,
          beast_lair_carwin_5, infiniplex_staircase_pool_2, grunt_megastairs_2
Lair:2:   lemuel_reptile_caves, layout_regular_city, elwin_shoals_entry_stream,
          gammafunk_ghost_berserking_beasts, minmay_lair_oklob_bushes,
          wad_woods_road_02, grunt_forest_large_clearings

Skill      XL: |  1  2  3  4  5  6  7  8  9 10 11 12 |
---------------+-------------------------------------+-----
Invocations    | 1 2 3 4 5 6 7 |  7.9
Short Blades   | 1 2 3 4 5 6 7 |  7.2
Long Blades    | 1 2 3 4 5 6 7 |  7.2
Maces & Flails | 1 2 3 4 5 6 7 |  7.2
Polearms       | 1 2 3 4 5 6 7 |  7.2
Staves         | 1 2 3 4 5 6 7 |  7.2
Slings         | 1 2 3 4 5 6 7 |  7.2
Bows           | 1 2 3 4 5 6 7 |  7.2
Crossbows      | 1 2 3 4 5 6 7 |  7.2
Throwing       | 1 2 3 4 5 6 7 |  7.2
Dodging        | 1 2 3 4 5 6 7 |  7.2
Stealth        | 1 2 3 4 5 6 7 |  7.2
Unarmed Combat | 1 2 3 4 5 6 7 |  7.2
Spellcasting   | 1 2 3 4 5 6 7 |  7.2
Evocations     | 1 2 3 4 5 6 7 |  7.2
Conjurations   | 1 2 3 4 5 6 |  6.0
Hexes          | 1 2 3 4 5 6 |  6.0
Summonings     | 1 2 3 4 5 6 |  6.0
Necromancy     | 1 2 3 4 5 6 |  6.0
Translocations | 1 2 3 4 5 6 |  6.0
Transmutations | 1 2 3 4 5 6 |  6.0
Fire Magic     | 1 2 3 4 5 6 |  6.0
Ice Magic      | 1 2 3 4 5 6 |  6.0
Air Magic      | 1 2 3 4 5 6 |  6.0
Earth Magic    | 1 2 3 4 5 6 |  6.0
Poison Magic   | 1 2 3 4 5 6 |  6.0
Axes           | 5 6 7 8 |  8.6
Fighting       | 7 8 9 |  9.8
Armour         | 7 8 9 |  9.8
Shields        | 7 8 9 |  9.8

Action                   |  1- 3 |  4- 6 |  7- 9 | 10-12 || total
-------------------------+-------+-------+-------+-------++-------
Melee: War axe           |    73 |   171 |   252 |   286 ||   782
       Bite              |     8 |    12 |    37 |    48 ||   105
       Dagger            |       |       |     3 |    44 ||    47
       Scimitar          |       |       |       |    91 ||    91
 Fire: Hunting sling     |       |       |   109 |   204 ||   313
Throw: Stone             |     2 |    17 |     8 |       ||    27
       Dart              |       |       |       |    15 ||    15
Invok: Heroism           |       |       |       |     4 ||     4
       Finesse           |       |       |       |     1 ||     1
Evoke: Wand              |       |       |     2 |     2 ||     4
  Use: Scroll            |     1 |     6 |     8 |    12 ||    27
       Potion            |       |     1 |     1 |     5 ||     7
 Stab: Paralysed         |       |       |     1 |       ||     1
Armor: Scale mail        |    21 |    51 |     6 |       ||    78
       Chain mail        |       |       |   125 |   220 ||   345
       Skin              |       |       |       |     6 ||     6
Dodge: Dodged            |    26 |    51 |    67 |   183 ||   327
Block: Kite shield       |    46 |   125 |   173 |   355 ||   699
       Rpst.: Scimitar   |       |       |       |     7 ||     7
